 Dungeon Crawl Stone Soup version 0.30.0-29-ga12c61a403 (webtiles) character file.

Game seed: 737110211131279152

317 qw the Chopper (level 6, -4/38 HPs)
             Began as a Gargoyle Fighter on June 3, 2023.
             Slain by a phantom (6 damage)
             ... on level 5 of the Dungeon.
             The game lasted 00:01:21 (2321 turns).

qw the Chopper (Gargoyle Fighter)                   Turns: 2321, Time: 00:01:22

Health: -4/38      AC: 11    Str: 21    XL:     6   Next: 44%
Magic:  6/6        EV:  9    Int:  9    God:
Gold:   89         SH:  4    Dex:  9    Spells: 5/5 levels left

rFire   . . .        Y - +0 war axe (freeze)
rCold   . . .        c - +0 buckler
rNeg    + . .        b - +0 scale mail
rPois   inf          (no helmet)
rElec   +            (no cloak)
rCorr   .            (no gloves)
SInv    .            (no boots)
Will    .....        (no amulet) Stlth
                     (no ring)
HPRegen 0.26/turn    (no ring)
MPRegen 0.10/turn

%: no passive effects
@: no status effects
A: sickness immunity, AC +4, negative energy resistance 1, electricity
resistance, torment resistance 1, petrification resistance
a: no special abilities


You were on level 5 of the Dungeon.
You visited 1 branch of the dungeon, and saw 4 of its levels.

You collected 89 gold pieces.


Innate Abilities, Weirdness & Mutations

You are immune to sickness and miasma.
Your stone body is resilient. (AC +4)
You are immune to poison.
You resist negative energy. (rN+)
You are resistant to electric shocks. (rElec)
You are resistant to unholy torment.
You are immune to petrification.


   Skills:
 - Level 4.1 Fighting
 + Level 5.3 Axes
 - Level 3.2 Armour
 - Level 1.3 Dodging
 - Level 3.2 Shields


You had 5 spell levels left.
You didn't know any spells.
Your spell library was empty.

Inventory:

Hand Weapons
 m - a +0 whip
 Y - a +0 war axe of freezing (weapon)
Missiles
 k - 5 boomerangs (quivered)
Armour
 b - a +0 scale mail (worn)
 c - a +0 buckler (worn)
Jewellery
 f - a ring of protection from cold
 o - a ring of protection from fire
Scrolls
 h - a scroll of immolation {unknown}
 i - a scroll of identify
 p - a scroll of acquirement {unknown}
Potions
 d - a potion of might
 e - a potion of degeneration {unknown}
 g - 2 potions of heal wounds {unknown}
 j - 3 potions of curing
 l - a potion of haste {unknown}
 n - a potion of cancellation
 q - a potion of flight {unknown}

Dungeon Overview and Level Annotations

Branches:
Dungeon (3/15)

Altars:


Message History

The hound closely misses you. The hound bites you.
You hit the hound. You freeze the hound.
You kill the hound!
Your Dodging skill increases to level 1!
You are too injured to fight recklessly!
You closely miss the phantom. The phantom closely misses you.
You slash the phantom! You freeze the phantom.
The phantom is heavily damaged.
The phantom barely misses you.
You barely miss the phantom.
The phantom is heavily damaged.
The phantom hits you but does no damage.
You barely miss the phantom.
The phantom is heavily damaged.
The phantom hits you but does no damage.
You block the phantom's attack.
You barely miss the phantom.
The phantom is heavily damaged.
The phantom hits you but does no damage.
You completely miss the phantom.
The phantom is heavily damaged.
You block the phantom's attack.
You hit the phantom but do no damage.
The phantom is heavily damaged.
The phantom hits you but does no damage.
You barely miss the phantom.
The phantom is heavily damaged.
The phantom hits you but does no damage.
The phantom closely misses you.
You miss the phantom.
The phantom is heavily damaged.
The phantom hits you.
You hit the phantom.
The phantom is heavily damaged.
The phantom misses you.
You hit the phantom.
The phantom is severely damaged.
The phantom hits you.
You die...

..... .....
...... ##
...... ##.##.
......###......
............$..
#.....W........
#..%@..#
#......#
#........#
#.........)
#...#..##..#
....##... #...
..... #... ...
..... ...## ##


You could see a phantom.

Vanquished Creatures
  An ice beast (D:5)
  A scorpion (D:5)
  2 hounds (D:5)
  2 adders (D:2)
  3 worms
  2 dart slugs
  An orc (D:3)
  6 endoplasms
  2 giant cockroaches
  8 goblins
  10 hobgoblins
  3 jackals (D:2)
  7 kobolds
  5 quokkas
  5 ball pythons
  5 bats
  2 frilled lizards (D:1)
  A rat (D:2)
  A spectral goblin (D:3)
67 creatures vanquished.

Notes
Turn   | Place    | Note
-------+----------+-------------------------------------------
     0 | D:1      | qw the Gargoyle Fighter began the quest for the Orb.
     0 | D:1      | Reached XP level 1. HP: 14/14 MP: 1/1
     0 | D:1      | 0 ||| qw: Version: 0.2-a-103-g5a998e5
     0 | D:1      | 0 ||| qw: Game counter: 1095
     0 | D:1      | 0 ||| qw: Always use a shield: true
     0 | D:1      | 0 ||| qw: God list: Okawaru
     0 | D:1      | 0 ||| qw: Allow faded altars: false
     0 | D:1      | 0 ||| qw: Do Orc after D:15 true
     0 | D:1      | 0 ||| qw: Do second Lair branch before Depths: true
     0 | D:1      | 0 ||| qw: Lair rune preference: random
     0 | D:1      | 0 ||| qw: Plans: Normal, Zot:1-4, Slime:5, God:TSO, Crypt,
                  | Tomb, Pan, Hells, Abyss, Win
     0 | D:1      | 0 ||| PLANNING D:1-11
    63 | D:1      | Reached skill level 2 in Axes
   435 | D:1      | Reached XP level 2. HP: 14/19 MP: 2/2
   468 | D:1      | 468 ||| Stepping ~*~*~tactically~*~*~ (stealth).
   472 | D:1      | 472 ||| Stepping ~*~*~tactically~*~*~ (stealth).
   518 | D:1      | 518 ||| Stepping ~*~*~tactically~*~*~ (hiding).
   790 | D:1      | Reached skill level 3 in Axes
   793 | D:1      | 793 ||| Stepping ~*~*~tactically~*~*~ (stealth).
   795 | D:1      | 795 ||| Stepping ~*~*~tactically~*~*~ (hiding).
   806 | D:1      | Reached XP level 3. HP: 17/23 MP: 3/3
   836 | D:1      | 836 ||| Stepping ~*~*~tactically~*~*~ (stealth).
   837 | D:1      | 837 ||| Stepping ~*~*~tactically~*~*~ (stealth).
  1046 | D:1      | 1046 ||| READING 2 scrolls labelled JEJYIGREOBE.
  1050 | D:1      | 1050 ||| READING scroll labelled HEMMUNW RAKAM.
  1051 | D:1      | 1051 ||| READING 2 scrolls labelled ZAETWA ZAUNURI.
  1148 | D:2      | 1148 ||| DROPPING +0 club.
  1168 | D:2      | 1168 ||| Stepping ~*~*~tactically~*~*~ (stealth).
  1199 | D:2      | 1199 ||| Stepping ~*~*~tactically~*~*~ (stealth).
  1207 | D:2      | 1207 ||| Stepping ~*~*~tactically~*~*~ (stealth).
  1381 | D:2      | Reached XP level 4. HP: 20/28 MP: 4/4
  1401 | D:2      | 1401 ||| Stepping ~*~*~tactically~*~*~ (stealth).
  1445 | D:2      | Reached skill level 4 in Axes
  1527 | D:2      | 1527 ||| Stepping ~*~*~tactically~*~*~ (hiding).
  1528 | D:2      | 1528 ||| Stepping ~*~*~tactically~*~*~ (hiding).
  1532 | D:2      | 1532 ||| Stepping ~*~*~tactically~*~*~ (hiding).
  1534 | D:2      | 1534 ||| Stepping ~*~*~tactically~*~*~ (hiding).
  1654 | D:2      | 1654 ||| Stepping ~*~*~tactically~*~*~ (stealth).
  1655 | D:2      | 1655 ||| Stepping ~*~*~tactically~*~*~ (stealth).
  1740 | D:2      | 1740 ||| Stepping ~*~*~tactically~*~*~ (hiding).
  1744 | D:2      | 1744 ||| Stepping ~*~*~tactically~*~*~ (hiding).
  1745 | D:2      | 1745 ||| Stepping ~*~*~tactically~*~*~ (hiding).
  1991 | D:2      | 1991 ||| READING scroll labelled ROH QOGUNG.
  1992 | D:2      | 1992 ||| READING scroll labelled PAPURGHUSIU.
  1993 | D:2      | 1993 ||| READING scroll labelled XURHAST NYSITEA.
  1994 | D:2      | 1994 ||| READING scroll labelled PAVOACHUESE.
  1995 | D:2      | 1995 ||| DRINKING 2 metallic red potions.
  1996 | D:2      | 1996 ||| DRINKING 3 fizzy emerald potions.
  1997 | D:2      | 1997 ||| DRINKING 2 green potions.
  1998 | D:2      | 1998 ||| DROPPING potion of brilliance.
  2037 | D:3      | Found a faded altar of an unknown god.
  2165 | D:3      | 2165 ||| Stepping ~*~*~tactically~*~*~ (hiding).
  2283 | D:3      | You fall into a shaft and drop 2 floors!
  2283 | D:5      | Entered Level 5 of the Dungeon
  2284 | D:5      | Noticed an ice beast
  2288 | D:5      | Noticed a scorpion
  2294 | D:5      | Killed an ice beast
  2295 | D:5      | Reached skill level 5 in Axes
  2295 | D:5      | Reached XP level 5. HP: 11/32 MP: 5/5
  2295 | D:5      | HP: 8/32 [scorpion (3)]
  2296 | D:5      | 2296 ||| READING scroll of teleportation.
  2299 | D:5      | Reached XP level 6. HP: 11/38 MP: 6/6
  2303 | D:5      | HP: 9/38 [hound (2)]
  2307 | D:5      | HP: 1/38 [hound (5)]
  2309 | D:5      | Reached skill level 1 in Dodging
  2319 | D:5      | HP: 2/38 [phantom (3)]
  2321 | D:5      | Slain by a phantom

Levels and vault maps discovered:
D:1:      dpeg_arrival_windows_large_door, layout_loops_corners, serial_bayou,
          serial_bayou_shore_a, serial_bayou_lake_a, serial_bayou_pond_c,
          serial_bayou_pond_b, nrook_mini_vaults
D:2:      minmay_diamond_boxcup, layout_basic, grunt_ministairs_15
D:3:      layout_rooms, dreamdust_ecumenical_altar_drowned_temple
D:5:      layout_cave_pools, mainiacjoe_overflow_swirl, uniq_eustachio,
          uniq_sigmund, uniq_duvessa

Skill      XL: |  1  2  3  4  5  6 |
---------------+-------------------+-----
Axes           | 2 3 5 |  5.3
Fighting       | 4 |  4.1
Dodging        | 1 |  1.3
Armour         | |  3.2
Shields        | |  3.2

Action                     |  1- 3 |  4- 6 || total
---------------------------+-------+-------++-------
  Melee: War axe           |   136 |    96 ||   232
  Throw: Boomerang         |    18 |    28 ||    46
    Use: Scroll            |     3 |     5 ||     8
         Potion            |       |     3 ||     3
 Armour: Scale mail        |    86 |    50 ||   136
  Dodge: Dodged            |    65 |    31 ||    96
  Block: Buckler           |    21 |    15 ||    36

Table legend:
 A = Non-vault XP
 B = Vault XP
 C = Vault XP percentage of total XP
 D = Non-vault monster count
 E = Vault monster count
 F = Vault count percentage of total count
                 A         B        C        D         E       F
            +---------+---------+-------+---------+---------+-------
      Total |     428 |      25 |   5.5 |      54 |      13 |  19.4
            +---------+---------+-------+---------+---------+-------
        D:1 |      34 |       9 |  20.9 |      19 |       4 |  17.4
        D:2 |      70 |      15 |  17.6 |      24 |       8 |  25.0
        D:3 |      17 |       1 |   5.6 |       7 |       1 |  12.5
        D:5 |     307 |       0 |   0.0 |       4 |       0 |   0.0
            +---------+---------+-------+---------+---------+-------
